 Dungeon Crawl Stone Soup version 0.28-a0-1182-g381e24db82 (webtiles) character file.

Game seed: 2309043819367059022

2415 flotson the Skirmisher (level 9, 0/69 HPs)
             Began as a Demonspawn Gladiator on Dec 16, 2021.
             Was an Initiate of Gozag.
             Slain by a sixfirhy (11 damage)
             ... summoned by an orc high priest
             ... in a bailey.
             The game lasted 00:18:17 (7304 turns).

flotson the Skirmisher (Demonspawn Gladiator)       Turns: 7304, Time: 00:18:18

Health: 0/69       AC: 15    Str: 25    XL:     9   Next: 23%
Magic:  9/9        EV: 15    Int:  9    God:    Gozag
Gold:   661        SH: 10    Dex: 15    Spells: 8/8 levels left

rFire   + . .      SeeInvis .   a - +1 mace (protect)
rCold   + . .      Faith    .   l - +1 kite shield
rNeg    . . .      Spirit   .   E - +0 ring mail
rPois   .          Reflect  .   u - +2 helmet
rElec   .          Harm     .   O - scarf {rC+ rF+}
rCorr   .          Rampage  .   o - +0 pair of gloves
Will    .....                   C - +2 pair of boots
Stlth   +.........              (no amulet)
HPRegen 0.21/turn               p - +4 ring of evasion
MPRegen 0.11/turn               G - +6 ring of strength

@: mighty, brilliant, flying, hasted, invisible, very quick
A: hooves 2, molten scales 1, powered by pain 2, condensation shield
a: Renounce Religion, Potion Petition, Call Merchant, Bribe Branch


You were in a bailey.
You worshipped Gozag.
Gozag was pleased with you.
You visited 1 branch of the dungeon, and saw 7 of its levels.
You also visited: Sewer and Bailey.

You collected 1319 gold pieces.
You spent 636 gold pieces at shops.
You paid 22 gold pieces to Gozag.

Inventory:

Hand Weapons
 a - a +1 mace of protection (weapon)
 b - a +0 hunting sling
 g - a +0 war axe
Missiles
 d - a throwing net (quivered)
 t - 5 boomerangs
 v - 24 sling bullets
 D - 12 poisoned darts
Armour
 l - a +1 kite shield (worn)
 o - a +0 pair of gloves (worn)
 u - a +2 helmet (worn)
 C - a +2 pair of boots (worn)
 E - a +0 ring mail (worn)
 O - a scarf of resistance (worn)
Jewellery
 p - a +4 ring of evasion (left hand)
 G - a +6 ring of strength (right hand)
Scrolls
 c - 2 scrolls of acquirement
 h - a scroll of silence {unknown}
 k - a scroll of torment
 m - 2 scrolls of fog
 n - 2 scrolls of fear {unknown}
 w - 2 scrolls of vulnerability {unknown}
 x - 2 scrolls of noise {unknown}
 F - 2 scrolls of enchant armour
 K - a scroll of blinking {unknown}
 L - 2 scrolls of summoning
 M - a scroll of enchant weapon {unknown}
Potions
 j - 5 potions of haste
 q - a potion of attraction {unknown}
 r - a potion of ambrosia {unknown}
 s - a potion of magic
 z - a potion of heal wounds {unknown}
 A - a potion of might
 B - 2 potions of mutation
 H - a potion of invisibility
 I - a potion of resistance
 J - 2 potions of cancellation


   Skills:
 + Level 5.9 Fighting
 - Level 2.6 Axes
 + Level 5.3 Throwing
 + Level 4.9 Armour
 + Level 5.8 Dodging
 + Level 4.7 Shields


You had 8 spell levels left.
You didn't know any spells.
Your spell library contained the following spells:

 Spells                   Type           Power      Damage    Failure   Level
 Animate Skeleton         Necr           0%         N/A       92%         1
 Apportation              Tloc           0%         N/A       92%         1
 Summon Small Mammal      Summ           0%         N/A       92%         1
 Ensorcelled Hibernation  Hex/Ice        0%         N/A       98%         2
 Gell's Gravitas          Tloc           0%         N/A       100%        3
 Lesser Beckoning         Tloc           0%         N/A       100%        3
 Teleport Other           Tloc           0%         N/A       100%        3
 Tukima's Dance           Hex            0%         N/A       100%        3
 Alistair's Intoxication  Tmut/Pois      0%         N/A       100%        5


Dungeon Overview and Level Annotations

Branches:
Dungeon (7/15)             Temple (0/1) D:7           Sewer (visited)
 Bailey (1/1)

Altars:
Gozag
Okawaru
Qazlal
Sif Muna

Shops:
D:2 [


Innate Abilities, Weirdness & Mutations

You have hoof-like feet.
You are partially covered in molten scales. (AC +2)
You sometimes gain power by taking damage.
A meltable shield of frost defends you. (SH +0)


Message History

Unknown command.
It was a potion of might.
You feel very mighty all of a sudden. Something hits your gnoll.
Something shocks your gnoll!
You see here a manual of Maces & Flails.
Something appears at your feet! The sixfirhy hits your gnoll!
Your gnoll dies!
Your gnoll's corpse dissolves into shadows!
The sixfirhy hits you. The sixfirhy shocks you!
Your gnoll misses the sixfirhy.
It was a potion of brilliance.
You feel clever all of a sudden. You block the sixfirhy's attack.
The sixfirhy hits you! The sixfirhy shocks you!
* * * LOW HITPOINT WARNING * * *
Something hits your gnoll! Something closely misses your gnoll.
As you read the scroll labelled TAEHYBB HOCK, it crumbles to dust.
Your body is wracked with pain!
* * * LOW HITPOINT WARNING * * *
Your gnoll convulses! x3
It was a scroll of torment.
Your gnoll hits the sixfirhy with a +0 halberd!
Okay, then.
Press: ? - help, v - describe, . - travel, g - get item
Here: a sixfirhy (moderately wounded, summoned)
Items here: )) [[.
The floor, spattered with blood.
Unknown command.
You fade into invisibility!
Something barely misses your gnoll. Something closely misses your gnoll.
Your gnoll closely misses the sixfirhy.
Something misses your gnoll.
It was a potion of flight.
You feel very buoyant.
You fly up into the air.
The sixfirhy closely misses you. The sixfirhy misses you.
The sixfirhy closely misses you. x2
The sixfirhy hits you.
* * * LOW HITPOINT WARNING * * *
The sixfirhy shocks you!
You die...
Your body crumbles into a pile of gold.

#...∩...# #.......#
#.......#
##########.......#######
≈≈≈≈≈≈≈≈≈.........≈≈≈≈≈≈
≈≈≈≈≈≈≈≈≈≈≈≈...≈≈≈≈≈≈≈≈≈
≈≈≈≈≈≈≈≈≈≈≈≈...≈≈≈≈≈≈≈≈≈
≈≈≈≈≈≈≈≈≈≈≈≈...≈≈≈≈≈≈≈≈≈
≈≈≈≈≈≈≈@≈≈≈≈...≈≈≈≈≈≈≈≈≈
≈≈######3≈)g...≈≈≈≈#####
$ #..gg.......#
#####''§##### #o§g§§§..+
#§§3g§g..+ ####o§#§§⌠..#
#...§o#§§...#
#.8...#.....#


You could see a sixfirhy (summoned) and 3 friendly gnolls.

Vanquished Creatures
  A troll (D:6)
  Edmund (D:6)
  An orc warrior (Bailey)
  2 ice beasts
  An ogre (D:4)
  2 black bears
  A centaur (D:7)
  A phantom (D:6)
  4 bullfrogs
  3 scorpions
  A water moccasin zombie (D:5)
  A howler monkey (D:4)
  A bullfrog skeleton (D:5)
  A gnoll shaman (D:5)
  4 hounds
  4 orc priests
  A centaur skeleton (D:4)
  3 iguanas (D:5)
  2 orc wizards (D:6)
  15 adders
  7 gnolls
  5 river rats (Sewer)
  2 ufetubi (D:5)
  4 worms
  3 dart slugs
  13 orcs
  18 endoplasms
  5 giant cockroaches
  8 hobgoblins
  10 jackals
  11 kobolds
  3 quokkas
  17 ball pythons
  9 bats
  8 frilled lizards
  9 goblins
  28 rats
210 creatures vanquished.

Vanquished Creatures (others)
  A goblin (Bailey)
1 creature vanquished.

Grand Total: 211 creatures vanquished

Notes
Turn   | Place    | Note
-------+----------+-------------------------------------------
     0 | D:1      | flotson the Demonspawn Gladiator began the quest for the
                  | Orb.
     0 | D:1      | Reached XP level 1. HP: 16/16 MP: 1/1
   298 | D:1      | Gained mutation: You have large cloven feet. [demonic
                  | ancestry]
   298 | D:1      | Reached XP level 2. HP: 22/22 MP: 2/2
   303 | D:1      | Found a faded altar of an unknown god.
   850 | D:1      | Reached skill level 1 in Armour
  1004 | D:2      | Gained mutation: A meltable shield of frost defends you.
                  | (SH +0) [demonic ancestry]
  1004 | D:2      | Reached XP level 3. HP: 24/28 MP: 3/3
  1075 | D:2      | Found Oqusioc's Armour Boutique.
  1098 | D:2      | Bought a +0 kite shield for 54 gold pieces
  1331 | D:2      | Found an opulent altar of Gozag.
  1336 | D:2      | Became a worshipper of Gozag Ym Sagoz the Greedy
  1398 | D:2      | Reached XP level 4. HP: 34/34 MP: 4/4
  1873 | D:3      | Reached skill level 1 in Shields
  2682 | D:2      | Bought a +2 helmet for 198 gold pieces
  2770 | D:4      | Reached XP level 5. HP: 17/40 MP: 5/5
  3220 | D:4      | Found an iron altar of Okawaru.
  3250 | D:4      | Noticed an ice beast
  3269 | D:4      | Killed an ice beast
  3270 | D:4      | Gained mutation: You sometimes gain a little power by
                  | taking damage. [demonic ancestry]
  3270 | D:4      | Reached XP level 6. HP: 33/47 MP: 6/6
  4137 | D:4      | Gained mutation: You have hoof-like feet. [demonic
                  | ancestry]
  4137 | D:4      | Reached XP level 7. HP: 53/53 MP: 7/7
  4332 | D:5      | Entered Level 5 of the Dungeon
  4683 | D:5      | Found a glowing drain.
  4689 | Sewer    | Entered a sewer
  5246 | Sewer    | Gained mutation: You are partially covered in molten
                  | scales. (AC +2) [demonic ancestry]
  5246 | Sewer    | Reached XP level 8. HP: 61/61 MP: 8/8
  5747 | D:5      | Reached skill level 5 in Dodging
  5956 | D:2      | Bought a scarf of resistance for 384 gold pieces
  6123 | D:6      | Reached skill level 5 in Fighting
  6177 | D:6      | Noticed a troll
  6201 | D:6      | Killed a troll
  6408 | D:6      | Found an opulent altar of Gozag.
  6428 | D:6      | Reached skill level 5 in Throwing
  6448 | D:6      | Noticed Edmund
  6485 | D:6      | Killed Edmund
  6602 | D:6      | Gained mutation: You sometimes gain power by taking damage.
                  | [demonic ancestry]
  6602 | D:6      | Reached XP level 9. HP: 61/68 MP: 9/9
  7008 | D:6      | Found a shimmering blue altar of Sif Muna.
  7124 | D:7      | Found a stormy altar of Qazlal.
  7150 | D:7      | Found a staircase to the Ecumenical Temple.
  7188 | D:7      | Found a flagged portal.
  7196 | Bailey   | Entered a bailey
  7278 | Bailey   | Found an iron altar of Okawaru.
  7278 | Bailey   | Noticed an orc high priest
  7278 | Bailey   | Noticed an orc sorcerer
  7286 | Bailey   | Noticed a sixfirhy
  7288 | Bailey   | Identified 3 scrolls of acquirement
  7288 | Bailey   | Noticed an ice devil
  7297 | Bailey   | Acquired a manual of Maces & Flails
  7304 | Bailey   | Slain by a sixfirhy

Illustrated notes

Levels and vault maps discovered:
D:1:      dpeg_arrival_water_temple_mockup, layout_loops_ring,
          shapermc_ecumenical_altar_notcrosses
D:2:      layout_basic, basic_altar, serial_shops, shop
D:3:      layout_loops_corners
D:4:      layout_rooms, okawaru_metal_pillars_1_2
D:5:      layout_cave_pools, gup_sewer_entry_bubbles
D:6:      layout_cave_pools, lemuel_blue_sif_altar, kennysheep_mini_moat,
          uniq_edmund
D:7:      layout_cave_pods, mainiacjoe_overflow_small_starburst,
          nicolae_overflow_quartered_altars, minmay_temple_entry_ruins,
          enter_bailey_3, serial_rivers, chequers_serial_rivers_micro_b,
          chequers_serial_rivers_room_a, chequers_serial_rivers_micro_e,
          chequers_serial_rivers_large_a, chequers_serial_rivers_micro_b
Bailey:   bailey_axe_of_yendor_kennysheep, bailey

Skill      XL: |  1  2  3  4  5  6  7  8 |
---------------+-------------------------+-----
Throwing       | 2 3 4 5 |  5.3
Dodging        | 3 4 5 |  5.8
Armour         | 1 2 3 4 |  4.9
Shields        | 1 2 3 4 |  4.7
Fighting       | 3 4 5 |  5.9
Axes           | |  2.6

Action                   |  1- 3 |  4- 6 |  7- 9 || total
-------------------------+-------+-------+-------++-------
Melee: War axe           |    42 |       |       ||    42
       Mace              |    56 |   145 |   592 ||   793
       Kick              |    17 |    41 |       ||    58
 Fire: Hunting sling     |       |    39 |    46 ||    85
Throw: Dart              |       |       |     4 ||     4
       Throwing net      |       |       |     2 ||     2
       Javelin           |       |       |     3 ||     3
  Use: Scroll            |       |       |    12 ||    12
       Potion            |       |       |     5 ||     5
 Stab: Sleeping          |     2 |       |       ||     2
       Distracted        |       |     1 |       ||     1
       Held in net/web   |       |       |     2 ||     2
Armor: Leather armour    |    38 |    51 |    24 ||   113
       Ring mail         |       |       |   307 ||   307
Dodge: Dodged            |    53 |   124 |   538 ||   715
Block: Kite shield       |    30 |   143 |   692 ||   865
       Other             |     1 |       |       ||     1

Table legend: (Time is in decaauts)
 A = Elapsed time spent in this place.
 B = Non-inter-level travel time spent in this place.
 C = Inter-level travel time spent in this place.
 D = Time resting spent in this place.
 E = Time spent auto-exploring this place.
 F = Levels seen in this place.
 G = Mean time per level.
                   A        B        C        D        E       F      G
               +--------+--------+--------+--------+--------+-----+--------+
         Total |   7905 |   7244 |    661 |    299 |   4459 |   9 |  878.3 |
       Dungeon |   6878 |   6217 |    661 |    299 |   3956 |   7 |  982.6 |
         Sewer |    906 |    906 |      0 |      0 |    470 |   1 |  906.0 |
        Bailey |    120 |    120 |      0 |      0 |     33 |   1 |  120.0 |
               +--------+--------+--------+--------+--------+-----+--------+

Top non-repeatable levels by time:
     D:3: 1776 daAuts
     D:4: 1053 daAuts
     D:1: 1018 daAuts
     D:6: 1009 daAuts
     D:5: 941 daAuts
   Sewer: 906 daAuts
     D:2: 897 daAuts
     D:7: 180 daAuts
  Bailey: 120 daAuts
